 Dungeon Sprint DCSS version 0.27-a0-1322-gfdffb62a71 (webtiles) character file.

Game seed: 9024063646641242171

324 rocky1 the Shield-Bearer (level 6, -5/53 HPs)
             Began as a Formicid Fighter on June 23, 2021.
             Was an Initiate of Cheibriados.
             Slain by a troll (6 damage)
             ... in the Dungeon (Sprint IX: "|||||||||||||||||||||||||||||").
             The game lasted 00:02:26 (594 turns).

rocky1 the Shield-Bearer (Formicid Fighter)          Turns: 594, Time: 00:02:27

Health: -5/53      AC:  9    Str: 24    XL:     6   Next: 78%
Magic:  5/9        EV: 12    Int: 11    God:    Cheibriados [......]
Gold:   0          SH: 11    Dex: 14    Spells: 5/5 levels left

rFire    . . .     SeeInvis +   k - +2 scimitar (freeze)
rCold    . . .     Faith    .   c - +0 kite shield
rNeg     . . .     Spirit   .   n - +2 ring mail
rPois    .         Reflect  .   (helmet unavailable)
rElec    .         Harm     .   (no cloak)
rCorr    .         Rampage  .   (no gloves)
Will     .....                  m - +0 pair of boots
Stlth    +.........             (no amulet)
HPRegen  0.17/turn              b - +3 ring of dexterity
MPRegen  0.11/turn              o - +3 ring of intelligence

@: mighty, very slow
A: permanent stasis, dig shafts and tunnels, antennae 3, four strong arms
a: Dig, Renounce Religion, Bend Time


You were in the Dungeon.
You worshipped Cheibriados.
Cheibriados was noncommittal.
You visited 1 branch

Inventory:

Hand Weapons
 a - a +0 long sword
 k - a +2 scimitar of freezing (weapon)
 l - a +2 vorpal dire flail
Armour
 c - a +0 kite shield (worn)
 m - a +0 pair of boots (worn)
 n - a +2 ring mail (worn)
Jewellery
 b - a +3 ring of dexterity (left hand)
 o - a +3 ring of intelligence (right hand)
Wands
 j - a wand of acid (9)
Scrolls
 i - 2 scrolls of amnesia
Potions
 e - 4 potions of curing
 f - a potion of invisibility
 g - 4 potions of magic
 h - a potion of heal wounds


   Skills:
 + Level 6.8 Fighting
 + Level 5.7 Long Blades
 + Level 6.8 Armour
 + Level 4.7 Dodging
 + Level 7.4 Shields
 + Level 4.3 Invocations
 + Level 3.6 Evocations


You had 5 spell levels left.
You didn't know any spells.
Your spell library was empty.

Dungeon Overview and Level Annotations

Branches:
Dungeon (1/1)

Altars:
Cheibriados
Dithmenos
Elyvilon
Fedhas
Gozag
Hepliaklqana
Kikubaaqudgha
Makhleb
Nemelex Xobeh
Okawaru
Qazlal
Ru
Sif Muna
Trog
Uskayaw
Vehumet
Wu Jian
Xom
Yredelemnul
Zin
The Shining One
Beogh
Jiyva
Lugonu


Innate Abilities, Weirdness & Mutations

You cannot be hasted, slowed, berserked, paralysed or teleported.
You can dig through walls and to a lower floor.
You have a pair of large antennae on your head. (SInv)
Your four strong arms can wield two-handed weapons with a shield.


Message History

Your Evocations skill gained 3 levels and is now at level 3!
You have reached level 6!
Your experience leads to an increase in your attributes!
Your base attributes are Str 22, Int 7, Dex 10.
Increase (S)trength, (I)ntelligence, or (D)exterity?
You feel stronger.
You feel better.
You block the troll's attack. x2; The troll claws you.
* * * LOW HITPOINT WARNING * * *
Unknown command.
You feel much better. The troll bites you! The troll claws you!
* * * LOW HITPOINT WARNING * * *
The troll completely misses you.
Unknown command.
Aiming: Corrosive Bolt
Press: ? - help, Shift-Dir - straight line, f - troll
Aim: a troll (74% to hit)
The bolt of acid hits the troll!
The troll is splashed with acid!
The acid corrodes the troll!
The troll is moderately wounded.
The bolt of acid hits the yak!
The yak is splashed with acid.
The acid corrodes the yak!
The yak is heavily wounded.
The bolt of acid hits the kobold brigand!
The kobold brigand is splashed with acid.
The acid corrodes the kobold brigand!
The kobold brigand is moderately wounded.
The bolt of acid hits the adder zombie!
The adder zombie is splashed with acid.
The acid corrodes the adder zombie!
The adder zombie is almost destroyed.
You block the troll's attack. x2; The troll claws you but does no damage.
You slash the troll! You freeze the troll.
The troll is almost dead.
The troll barely misses you. The troll claws you but does no damage.
You block the troll's attack.
You closely miss the troll.
The troll is almost dead.
The troll bites you!
* * * LOW HITPOINT WARNING * * *
The troll closely misses you. The troll claws you.
You die... { { {{{{{{{{ {{{{{{{ { ▓▓▓▓▓▓▓▓▓▓▓▓▓▓▓▓▓▓▓▓▓▓▓▓ ..ZZKYT@.[.[.)?.'_______ ▓▓▓▓▓▓▓▓▓▓▓▓▓▓▓▓▓▓▓▓▓▓▓▓

You could see a yak (corroded), a troll (corroded), a kobold brigand (corroded), a bat zombie and an adder zombie (corroded).

Vanquished Creatures
  A hornet (D)
  A necrophage (D)
  A shadow imp (D)
  An adder skeleton (D)
  An orc (D)
  A bat (D)
  A hobgoblin (D)
  A kobold (D)
  A ball python skeleton (D)
  2 rats (D)
11 creatures vanquished.

Notes
Turn   | Place    | Note
-------+----------+-------------------------------------------
     0 | D        | rocky1 the Formicid Fighter began the quest for the Orb.
     0 | D        | Reached XP level 1. HP: 18/18 MP: 1/1
    10 | D        | Reached skill level 4 in Shields
    12 | D        | Reached skill level 1 in Dodging
   119 | D        | Noticed a necrophage
   122 | D        | Reached XP level 2. HP: 7/25 MP: 2/2
   143 | D        | Killed a necrophage
   144 | D        | Reached skill level 5 in Fighting
   144 | D        | Reached skill level 5 in Armour
   144 | D        | Reached skill level 6 in Shields
   144 | D        | Reached XP level 3. HP: 4/33 MP: 3/3
   144 | D        | Reached XP level 4. HP: 5/39 MP: 4/4
   144 | D        | Reached XP level 5. HP: 6/44 MP: 5/5
   413 | D        | Found a snail-covered altar of Cheibriados.
   413 | D        | Found a shadowy altar of Dithmenos.
   413 | D        | Found a white marble altar of Elyvilon.
   413 | D        | Found a blossoming altar of Fedhas.
   413 | D        | Found an opulent altar of Gozag.
   414 | D        | Found a hazy altar of Hepliaklqana.
   415 | D        | Found a viscous altar of Jiyva.
   416 | D        | Found an ancient bone altar of Kikubaaqudgha.
   417 | D        | Became a worshipper of Cheibriados the Contemplative
   418 | D        | Found a corrupted altar of Lugonu.
   419 | D        | Found a burning altar of Makhleb.
   420 | D        | Found a sparkling altar of Nemelex Xobeh.
   421 | D        | Found an iron altar of Okawaru.
   422 | D        | Found a stormy altar of Qazlal.
   423 | D        | Found a sacrificial altar of Ru.
   424 | D        | Found a shimmering blue altar of Sif Muna.
   425 | D        | Found a bloodstained altar of Trog.
   426 | D        | Found a hide-covered altar of Uskayaw.
   427 | D        | Found a radiant altar of Vehumet.
   428 | D        | Found an ornate altar of the Wu Jian Council.
   429 | D        | Found a shimmering altar of Xom.
   430 | D        | Found a basalt altar of Yredelemnul.
   431 | D        | Found a glowing silver altar of Zin.
   432 | D        | Found a glowing golden altar of the Shining One.
   581 | D        | Noticed a kobold brigand
   581 | D        | Noticed a yak
   581 | D        | Noticed a troll
   581 | D        | Noticed a hornet
   589 | D        | Killed a hornet
   590 | D        | Reached skill level 5 in Long Blades
   590 | D        | Reached skill level 7 in Shields
   590 | D        | Reached XP level 6. HP: 5/53 MP: 5/9
   594 | D        | HP: 1/53 [troll (9)]
   594 | D        | Slain by a troll

Illustrated notes

Levels and vault maps discovered:
D:        linesprint [early_d, line_temple, items_1, d_10, items_2, lair_1,
          lair_end, items_3, orc_1, orc_end, items_4, d_15, swamp_1, shoals_1,
          snake_1, spider_1, d_20, vaults_1, items_5, swamp_end, shoals_end,
          snake_end, spider_end, vaults_end, d_27, items_6, zot_1, zot_end,
          crypt_end, forest_end, elf_end, slime_end, tomb_end, abyss_end,
          pan_hell_end]

Skill      XL: |  1  2  3  4  5 |
---------------+----------------+-----
Shields        | 4 6 7 |  7.4
Dodging        | 1 3 4 |  4.7
Fighting       | 5 6 |  6.8
Armour         | 5 6 |  6.8
Long Blades    | 4 5 |  5.7
Invocations    | 4 |  4.3
Evocations     | 3 |  3.6

Action                   |  1- 3 |  4- 6 || total
-------------------------+-------+-------++-------
Melee: Long sword        |    30 |     6 ||    36
       Scimitar          |       |     9 ||     9
Evoke: Wand              |       |     1 ||     1
  Use: Potion            |     1 |     3 ||     4
Armor: Scale mail        |     8 |     2 ||    10
       Ring mail         |       |     5 ||     5
Dodge: Dodged            |    12 |     7 ||    19
Block: Kite shield       |    13 |    11 ||    24
       Rpst.: Long sword |     5 |     1 ||     6

Table legend: (Time is in decaauts)
 A = Elapsed time spent in this place.
 B = Non-inter-level travel time spent in this place.
 C = Inter-level travel time spent in this place.
 D = Time resting spent in this place.
 E = Time spent auto-exploring this place.
 F = Levels seen in this place.
 G = Mean time per level.
                   A        B        C        D        E       F      G
               +--------+--------+--------+--------+--------+-----+--------+
         Total |    618 |    618 |      0 |    459 |      0 |   1 |  618.0 |
       Dungeon |    618 |    618 |      0 |    459 |      0 |   1 |  618.0 |
               +--------+--------+--------+--------+--------+-----+--------+

Top non-repeatable levels by time:
       D: 618 daAuts
